 Dungeon Crawl Stone Soup version 0.25.1-2-g60ff931df9 (webtiles) character file.

Game seed: 12175470477198926982

142 Exodus22XD the Poker (level 5, -18/42 HPs)
             Began as a Merfolk Chaos Knight on Nov 7, 2020.
             Was a Plaything of Xom.
             Demolished by an ogre
             ... wielding a +0 giant club
              (21 damage)
             ... on level 4 of the Dungeon.
             The game lasted 00:03:46 (2302 turns).

Exodus22XD the Poker (Merfolk Chaos Knight)         Turns: 2302, Time: 00:03:47

Health: -18/42     AC:  7    Str: 14    XL:     5   Next: 25%
Magic:  5/5        EV: 10    Int: 11    God:    Xom [..*...]
Gold:   281        SH:  0    Dex: 13    Spells: 4/4 levels left

rFire    x . .     SeeInvis .   a - +0 spear (chaos)
rCold    + . .     Gourm    .   (no shield)
rNeg     . . .     Faith    .   n - +0 scale mail
rPois    .         Spirit   .   (no helmet)
rElec    .         Reflect  .   (no cloak)
rCorr    .         Harm     .   (no gloves)
MR       .....                  k - +0 pair of boots
Stlth    ..........             (no amulet)
HPRegen  0.14/turn              h - ring of ice
MPRegen  0.09/turn              (no ring)

@: no status effects
A: change form in water, swift swim, stealthy swim
a: Renounce Religion


You were on level 4 of the Dungeon.
You worshipped Xom.
You were a toy of Xom.
You were hungry.

You visited 1 branch of the dungeon, and saw 4 of its levels.

You collected 281 gold pieces.

Inventory:

Hand Weapons
 a - a +0 spear of chaos (weapon)
 m - a +1 rapier of speed
Armour
 b - a +2 leather armour
 k - a +0 pair of boots (worn)
 n - a +0 scale mail (worn)
Jewellery
 h - a ring of ice (left hand)
Scrolls
 d - a scroll of teleportation {unknown}
 e - 3 scrolls of remove curse {unknown}
 g - a scroll of random uselessness {unknown}
 l - a scroll of enchant weapon {unknown}
 q - a scroll of identify {unknown}
Potions
 f - a potion of flight {unknown}
 i - a potion of heal wounds {unknown}
 j - a potion of brilliance {unknown}
 o - a potion of haste {unknown}
 p - a potion of curing {unknown}
 s - a potion of ambrosia {unknown}
Comestibles
 c - 6 rations
 r - 4 chunks of flesh


   Skills:
 + Level 4.1 Fighting
 + Level 6.7 Polearms
 + Level 1.2 Armour
 + Level 3.4 Dodging
 + Level 1.1 Stealth


You had 4 spell levels left.
You didn't know any spells.
Your spell library contained the following spells:

 Spells                   Type           Power        Failure   Level  Hunger
 Confusing Touch          Hex            #.......     99%         3    ####...
 Gell's Gravitas          Tloc           #.........   99%         3    ####...
 Petrify                  Tmut/Erth      #.......     100%        4    #####..
 Metabolic Englaciation   Hex/Ice        #.........   100%        5    ######.
 Yara's Violent Unravell  Hex/Tmut       #.........   100%        5    ######.


Dungeon Overview and Level Annotations

Branches:
Dungeon (4/15)
 Temple: D:4-7

Altars:
Dithmenos
Kikubaaqudgha
Uskayaw


Message History

You barely miss the ogre.
The ogre is lightly wounded.
Your scale mail prevents you from hitting the ogre.
The ogre is lightly wounded.
The ogre hits you but does no damage.
You completely miss the ogre.
The ogre is lightly wounded.
You closely miss the ogre.
The ogre is lightly wounded.
The ogre hits you with a +0 giant club!
* * * LOW HITPOINT WARNING * * *
You hit the ogre but do no damage.
The ogre is poisoned.
The ogre is lightly wounded.
Xom titters.
The ogre looks rather confused.
The ogre seems less confused.
You hit the ogre.
The ogre flickers and vanishes!
Something hits you!!
Ouch! That really hurt!
You die...
Xom chuckles heartily!

........##.... .........# .
...........(.. #......# ..
..#........# #......#
...##........# #......###
.............## #........## #
..............#
##.........####.
............<.##
#...........#...
#..........###.>...##.......#
##...###....@{.....####....##
###..#......####..# ##...##
##....##..# ##.# ##...#
##.####.## #.## #...# #.##
#.# ##.# ##... #.# #.# #.#
#.... #.# #.# #.# ####. ###
#.# #.# ## ### ###


There were no monsters in sight!

Vanquished Creatures
  A worker ant (D:4)
  A hound skeleton (D:2)
  3 adders
  An ooze (D:1)
  2 dart slugs
  A leopard gecko (D:3)
  7 bats
  A bat zombie (D:2)
  A giant cockroach (D:4)
  7 goblins
  10 hobgoblins
  2 jackals (D:3)
  8 kobolds
  A quokka (D:2)
  3 frilled lizards
  16 rats
  2 rat zombies (D:2)
67 creatures vanquished.

Vanquished Creatures (others)
  A worm (D:3)
1 creature vanquished.

Grand Total: 68 creatures vanquished

Notes
Turn   | Place    | Note
-------+----------+-------------------------------------------
     0 | D:1      | Exodus22XD the Merfolk Chaos Knight began the quest for the
                  | Orb.
     0 | D:1      | Reached XP level 1. HP: 18/18 MP: 1/1
   168 | D:1      | Reached XP level 2. HP: 24/24 MP: 2/2
   172 | D:1      | Reached skill level 5 in Polearms
   265 | D:1      | XOM: silly message
   437 | D:1      | Reached XP level 3. HP: 30/30 MP: 3/3
   691 | D:2      | Reached skill level 6 in Polearms
   849 | D:2      | Reached XP level 4. HP: 37/37 MP: 4/4
   880 | D:2      | XOM: divination: magic mapping
   965 | D:2      | Found an ancient bone altar of Kikubaaqudgha.
  1008 | D:2      | XOM: silly message
  1109 | D:2      | Found a shadowy altar of Dithmenos.
  1140 | D:2      | Reached skill level 1 in Armour
  1338 | D:2      | XOM: silly message
  1649 | D:3      | XOM: divination: detect items
  1655 | D:3      | Reached skill level 1 in Stealth
  1894 | D:3      | Reached XP level 5. HP: 42/42 MP: 5/5
  2005 | D:3      | XOM: noise
  2171 | D:4      | Found a hide-covered altar of Uskayaw.
  2173 | D:4      | Noticed a phantom
  2224 | D:4      | XOM: enchant monster (bad)
  2262 | D:4      | Noticed an ogre
  2286 | D:4      | HP: 1/42 [ogre/+0 giant club (16)]
  2298 | D:4      | XOM: confuse monster(s)
  2302 | D:4      | Demolished by an ogre

Illustrated notes

Levels and vault maps discovered:
D:1:      eino_arrival_druids_welcome, layout_rooms, minmay_rat_gold_closets
D:2:      layout_basic, nicolae_dithmenos_through_a_glass_darkly,
          lemuel_zombie_altar_kikubaaqudgha
D:3:      layout_loops_ring
D:4:      layout_layer_cave, lemuel_crystal_altar,
          eat_drink_and_be_merry_uskayaw, first_ration

Skill      XL: |  1  2  3  4 |
---------------+-------------+-----
Polearms       | 5 6 |  6.7
Dodging        | 3 |  3.4
Armour         | 1 |  1.2
Fighting       | 4 |  4.1
Stealth        | 1 |  1.1

Action                   |  1- 3 |  4- 6 || total
-------------------------+-------+-------++-------
Melee: Spear             |    98 |   148 ||   246
 Stab: Sleeping          |     2 |       ||     2
       Paralysed         |     1 |     3 ||     4
  Eat: Chunk             |       |     4 ||     4
Armor: Leather armour    |    10 |    13 ||    23
       Scale mail        |       |    16 ||    16
Dodge: Dodged            |    36 |    46 ||    82
